Map: Rhoskallian LE

Players

EMV

  • Race: Terran Terran
  • Spawn Location: 5:00

Markus

  • Race: Protoss Protoss
  • League: Platinum
  • Spawn Location: 6:00

qqq - Winner!

  • Race: Zerg Zerg
  • League: Platinum
  • Spawn Location: 12:00

Massa - Winner!

  • Race: Terran Terran
  • League: Platinum
  • Spawn Location: 11:00

VOD

Have the link to the VOD?

Description

Time

  • Played on: Jan. 24, 2021, 11:50 a.m.
  • Length: 12:47
Show
View Real Time Build Order
Export as new Build Order

EMV Terran 

Build Orders: Mech 

Get SALT Encoding   

  12  0:00  SCV  
  13  0:12  SCV  
  14  0:22  Supply Depot  
  14  0:25  SCV  
  15  0:30  Refinery  
  15  0:44  SCV  
  15  0:45  Barracks  
  16  0:56  SCV  
  17  1:08  SCV  
  18  1:20  SCV  
  19  1:34  Orbital Command  
  19  1:38  Supply Depot  
  20  1:40  Reaper  
  20  1:49  Refinery  
  20  2:00  Refinery  
  20  2:08  Command Center  
  20  2:11  Marine  
  20  2:14  SCV  
  22  2:26  SCV  
  22  2:29  Marine  
  24  2:35  Factory  
  24  2:38  SCV  
  25  2:47  Marine  
  25  2:50  SCV  
  27  2:56  Supply Depot  
  27  3:02  SCV  
  28  3:08  Marine  
  29  3:14  SCV  
  30  3:20  Orbital Command  
  30  3:24  Factory Tech Lab  
  30  3:26  SCV  
  31  3:28  Engineering Bay  
  31  3:32  Starport  
  31  3:38  SCV, Marine  
  33  3:44  Siege Tank  
  33  3:46  SCV  
  37  3:50  SCV  
  38  3:58  SCV  
  39  4:02  SCV, Supply Depot  
  39  4:07  Missile Turret  
  40  4:10  Missile Turret  
  40  4:11  SCV  
  40  4:14  Viking  
  40  4:15  SCV  
  44  4:17  Marine  
  45  4:32  Siege Tank  
  45  4:35  SCV x2  
  50  4:42  Supply Depot  
  50  4:47  Command Center  
  50  4:52  SCV x2  
  52  4:55  Refinery  
  52  4:57  Refinery  
  52  5:00  Factory  
  52  5:03  Factory  
  52  5:05  Armory  
  52  5:08  Armory  
  52  5:10  SCV  
  52  5:12  SCV  
  54  5:53  Factory Tech Lab x2  
  53  6:36  Marine  
  53  6:37  Siege Tank  
  57  6:54  Marine  
  57  7:00  Siege Tank x2  
  52  7:02  SCV x2  
  53  7:09  Siege Tank  
  56  7:35  SCV x2  
  58  7:37  Planetary Fortress  
  58  7:44  Command Center, Infernal Pre-Igniter  
  58  7:45  Command Center  
  58  7:47  SCV x2, Terran Vehicle And Ship Armor Level 1, Terran Vehicle Weapons Level 1  
  60  7:52  Factory  
  60  7:53  Factory  
  60  7:54  Factory  
  60  7:59  SCV x2  
  62  8:11  SCV x2  
  64  8:23  SCV x2  
  64  8:24  Missile Turret  
  66  8:35  SCV x2  
  66  8:36  SCV  
  66  8:39  Refinery, Factory Reactor  
  66  8:40  Refinery, Factory Tech Lab, Factory Reactor  
  69  8:47  SCV x2  
  71  8:48  SCV  
  72  8:59  SCV  
  73  9:10  Thor x3  
  73  9:13  Hellbat  
  93  9:22  SCV x3  
  98  9:34  SCV, Orbital Command  
  98  9:35  Orbital Command  
  98  9:37  SCV x2  
  99  9:41  Terran Vehicle And Ship Armor Level 2, Terran Vehicle Weapons Level 2  
  99  9:43  Command Center  
  99  9:44  Siege Tank  
  102  9:46  SCV, Hellbat x3  
  102  9:47  Hellbat  
  110  10:36  Hellbat  
  110  10:37  Hellbat  
  114  10:54  Hellbat  
  114  10:55  Thor x2, Hellbat x2  
  114  10:56  Thor  
  130  10:57  Planetary Fortress  
  130  10:58  Hellbat  
  130  11:04  SCV x4  
  130  11:05  SCV, Hellbat  
  137  11:15  Hellbat  
  137  11:16  Hellbat  
  137  11:17  SCV, Hellbat  
  144  11:19  Hellbat  
  145  11:27  Hellbat  
  144  11:36  Thor  
  144  11:38  Siege Tank  
  153  11:42  Supply Depot x2  
  153  11:43  Supply Depot  
  153  11:46  Siege Tank  
  153  12:04  Siege Tank  
  156  12:10  Siege Tank  
Show
View Real Time Build Order
Export as new Build Order

Markus Protoss 

Build Orders: Carriers 

Get SALT Encoding   

  12  0:01  Probe (Chrono Boost)  
  13  0:17  Probe, Pylon  
  14  0:38  Probe  
  15  0:54  Forge  
  15  0:55  Probe  
  16  1:07  Probe (Chrono Boost)  
  17  1:12  Pylon  
  17  1:19  Probe (Chrono Boost)  
  17  1:20  Assimilator  
  18  1:28  Probe (Chrono Boost)  
  18  1:30  Assimilator  
  19  1:50  Probe  
  20  2:01  Gateway  
  20  2:04  Nexus  
  20  2:05  Probe  
  21  2:16  Pylon  
  21  2:24  Probe (Chrono Boost)  
  22  2:34  Probe (Chrono Boost)  
  23  2:39  Probe (Chrono Boost)  
  24  2:48  Cybernetics Core  
  24  2:55  Photon Cannon  
  24  2:56  Probe  
  25  3:02  Assimilator  
  25  3:08  Probe  
  26  3:18  Pylon  
  26  3:20  Probe (Chrono Boost)  
  26  3:26  Assimilator  
  27  3:30  Probe (Chrono Boost)  
  27  3:32  Probe (Chrono Boost)  
  29  3:36  Probe (Chrono Boost)  
  31  3:46  Probe (Chrono Boost)  
  31  3:47  Stargate  
  31  3:50  Stargate  
  31  3:52  Probe (Chrono Boost)  
  31  3:54  Probe  
  33  4:05  Probe  
  33  4:07  Pylon  
  34  4:10  Probe  
  35  4:17  Probe  
  36  4:26  Pylon  
  36  4:29  Probe (Chrono Boost), Pylon  
  38  4:34  Oracle, Void Ray  
  38  4:35  Probe (Chrono Boost)  
  41  4:44  Probe (Chrono Boost)  
  46  4:52  Probe (Chrono Boost)  
  48  4:54  Probe (Chrono Boost)  
  48  4:58  Probe (Chrono Boost)  
  48  4:59  Probe (Chrono Boost)  
  49  5:05  Fleet Beacon  
  50  5:10  Pylon  
  50  5:11  Probe x2  
  52  5:23  Probe  
  53  5:30  Photon Cannon  
  50  5:55  Carrier x2  
  60  6:22  Probe  
  60  6:23  Probe  
  53  6:34  Probe  
  53  6:35  Probe  
  53  6:37  Robotics Facility  
  55  6:46  Probe (Chrono Boost)  
  56  6:53  Probe (Chrono Boost)  
  57  6:57  Probe (Chrono Boost)  
  57  7:01  Probe (Chrono Boost), Nexus  
  55  7:02  Probe (Chrono Boost)  
  55  7:06  Carrier, Shield Battery  
  55  7:07  Carrier  
  68  7:11  Probe  
  68  7:14  Shield Battery  
  69  7:23  Cybernetics Core  
  69  7:29  Protoss Air Weapons Level 1 (Chrono Boost)  
  69  7:31  Probe x2  
  69  7:36  Observer  
  72  7:43  Probe x2  
  57  8:02  Probe (Chrono Boost)  
  57  8:03  Probe (Chrono Boost)  
  57  8:14  Probe x2 (Chrono Boost)  
  57  8:18  Assimilator  
  59  8:21  Probe (Chrono Boost)  
  59  8:22  Assimilator  
  59  8:24  Probe x2 (Chrono Boost)  
  59  8:26  Shield Battery  
  62  8:27  Pylon  
  62  8:29  Probe (Chrono Boost), Pylon  
  62  8:32  Probe (Chrono Boost)  
  62  8:33  Probe (Chrono Boost)  
  64  8:36  Probe (Chrono Boost)  
  64  8:37  Probe (Chrono Boost)  
  64  8:39  Probe (Chrono Boost), Pylon  
  64  8:41  Probe  
  67  8:43  Protoss Air Armor Level 1  
  60  8:51  Probe  
  47  9:14  Probe x3 (Chrono Boost)  
  47  9:15  Shield Battery  
  50  9:25  Shield Battery  
  50  9:26  Probe (Chrono Boost)  
  53  9:32  Probe x2 (Chrono Boost), Carrier (Chrono Boost)  
  53  9:35  Probe (Chrono Boost)  
  62  9:39  Probe x2 (Chrono Boost)  
  62  9:40  Probe  
  63  9:59  Protoss Air Weapons Level 2  
  47  10:29  Carrier x2 (Chrono Boost)  
  47  10:31  Nexus  
  57  11:01  Probe  
  50  11:12  Nexus  
  50  11:13  Probe  
  51  11:25  Probe  
  52  11:34  Carrier  
  52  11:37  Probe  
  55  11:54  Probe (Chrono Boost)  
  57  11:59  Probe (Chrono Boost)  
  57  12:03  Probe (Chrono Boost)  
  59  12:08  Probe x2 (Chrono Boost)  
  60  12:20  Probe (Chrono Boost)  
  62  12:23  Probe (Chrono Boost)  
Show
View Real Time Build Order
Export as new Build Order

qqq Zerg - Winner!

Build Orders: Hatch First, Swarm Host 

Get SALT Encoding   

  12  0:00  Drone  
  13  0:09  Drone  
  14  0:19  Overlord  
  14  0:48  Hatchery  
  13  1:05  Drone x2  
  15  1:16  Spawning Pool  
  15  1:17  Extractor  
  13  1:26  Drone x2  
  15  1:39  Drone x2  
  17  2:00  Drone x2  
  19  2:01  Drone  
  19  2:04  Queen  
  22  2:15  Extractor  
  21  2:16  Drone  
  21  2:19  Drone  
  23  2:32  Lair  
  23  2:34  Drone  
  23  2:35  Drone  
  25  2:40  Extractor, Drone  
  25  2:41  Drone  
  26  2:45  Drone  
  26  2:54  Drone x2  
  26  2:58  Overlord  
  28  3:07  Overlord  
  28  3:17  Drone x3  
  28  3:18  Drone  
  32  3:20  Drone  
  32  3:21  Drone  
  34  3:32  Infestation Pit  
  33  3:36  Nydus Network  
  33  3:37  Drone  
  33  3:39  Drone  
  33  3:40  Drone  
  35  3:52  Hydralisk Den  
  35  3:53  Drone  
  35  3:54  Drone, Evolution Chamber  
  36  3:55  Drone  
  36  3:58  Drone  
  36  4:01  Drone  
  38  4:03  Drone  
  39  4:10  Swarm Host  
  39  4:15  Drone  
  43  4:21  Overlord  
  43  4:23  Drone  
  44  4:27  Spore Crawler  
  43  4:33  Extractor x2  
  43  4:35  Queen  
  43  4:37  Zerg Missile Weapons Level 1  
  43  4:40  Swarm Host  
  43  4:43  Hydralisk  
  43  4:44  Drone  
  43  4:45  Drone x2  
  51  5:02  Nydus Canal  
  51  5:06  Overlord x2  
  51  5:07  Overlord x3  
  51  5:08  Overlord  
  51  5:20  Drone  
  52  5:25  Swarm Host  
  52  5:26  Swarm Host x2  
  61  5:34  Drone x3  
  64  5:45  Swarm Host x2  
  70  5:53  Drone  
  70  5:54  Drone  
  72  6:16  Nydus Canal  
  72  6:20  Hydralisk x2  
  72  6:21  Hydralisk x4  
  82  6:31  Zerg Ground Armor Level 1  
  82  6:32  Swarm Host x2  
  88  6:50  Muscular Augments  
  88  6:53  Hatchery  
  85  7:05  Nydus Canal  
  85  7:24  Hatchery  
  84  7:32  Hydralisk x4  
  92  7:55  Overlord x5  
  92  8:01  Grooved Spines  
  92  8:07  Queen  
  92  8:08  Drone  
  92  8:09  Hydralisk  
  92  8:11  Overlord x2  
  97  8:19  Evolution Chamber, Hive  
  96  8:23  Spore Crawler  
  96  8:24  Spore Crawler  
  96  8:25  Drone, Zerg Missile Weapons Level 2  
  93  8:43  Queen  
  78  9:03  Hydralisk x2  
  78  9:04  Hydralisk, Swarm Host x4  
  78  9:05  Hydralisk  
  78  9:06  Drone x2  
  78  9:07  Drone x2, Hydralisk x2  
  106  9:17  Queen  
  106  9:20  Zerg Ground Armor Level 2  
  108  9:25  Lurker Den  
  108  9:26  Drone  
  108  9:27  Drone  
  109  9:52  Queen  
  111  10:06  Swarm Host x3  
  117  10:08  Hydralisk x3  
  117  10:09  Drone  
  117  10:10  Drone x5  
  132  10:16  Extractor  
  132  10:18  Extractor  
  130  10:30  Hatchery  
  130  10:34  Nydus Canal  
  129  11:02  Drone x6  
  135  11:09  Hydralisk  
  135  11:10  Hydralisk x2, Swarm Host x3  
  150  11:18  Nydus Canal  
  150  11:46  Nydus Canal  
  150  11:52  Drone x5  
  150  11:53  Drone, Swarm Host x3  
  165  12:01  Lurker  
Show
View Real Time Build Order
Export as new Build Order

Massa Terran - Winner!

Build Orders:  

Get SALT Encoding   

  12  0:00  SCV  
  13  0:12  SCV  
  14  0:19  Supply Depot  
  14  0:24  SCV  
  15  0:40  SCV  
  15  0:42  Barracks  
  16  0:52  SCV  
  17  1:05  SCV  
  18  1:17  SCV  
  19  1:29  SCV  
  20  1:37  Refinery, Supply Depot  
  20  1:41  Marine  
  21  1:51  Command Center  
  21  1:54  Orbital Command  
  21  1:59  Marine  
  22  2:19  Marine  
  23  2:36  Marine  
  24  2:38  Command Center  
  24  2:41  Factory  
  24  2:53  SCV  
  26  3:05  SCV, Barracks Tech Lab  
  26  3:11  Orbital Command  
  26  3:13  Refinery  
  26  3:16  Barracks  
  26  3:17  SCV  
  27  3:26  Hellion  
  29  3:31  Marine  
  30  3:34  Stimpack  
  30  3:37  SCV x2  
  32  3:47  Engineering Bay  
  32  3:49  SCV  
  32  3:50  Hellion  
  32  3:54  SCV  
  36  4:08  Barracks Reactor  
  37  4:10  SCV x3  
  37  4:11  Hellion  
  41  4:22  SCV x2  
  43  4:24  Missile Turret  
  43  4:28  Missile Turret  
  43  4:35  SCV x2  
  43  4:36  SCV  
  46  4:39  Marine  
  46  4:41  Factory Tech Lab  
  47  4:47  SCV x2  
  47  4:48  SCV  
  47  4:50  Starport  
  50  4:53  Terran Infantry Weapons Level 1  
  50  4:58  Armory  
  50  4:59  SCV x2, Marine x2  
  54  5:00  SCV  
  54  5:05  Starport  
  55  5:09  Marine  
  56  5:21  Refinery  
  56  5:23  Cyclone  
  56  5:24  Refinery  
  59  5:29  Marine x2  
  61  5:35  Supply Depot  
  61  5:42  Marine  
  61  5:47  Marine  
  61  5:58  Planetary Fortress  
  61  5:59  SCV x2  
  61  6:03  Cyclone  
  66  6:04  Marine x2  
  66  6:05  Marine  
  69  6:20  Terran Vehicle Weapons Level 1  
  69  6:22  Supply Depot  
  69  6:23  Supply Depot x2  
  69  6:25  Starport Reactor  
  69  6:28  Starport Reactor  
  69  6:41  SCV x2, Marine x2  
  69  6:43  SCV, Marine  
  71  6:47  Terran Infantry Armor Level 1, Supply Depot  
  71  6:53  SCV  
  71  6:54  SCV  
  70  6:55  SCV  
  70  6:59  Marine x2  
  70  7:01  Marine  
  66  7:05  SCV  
  66  7:06  SCV, Thor  
  66  7:07  SCV  
  76  7:17  SCV, Marauder, Marine  
  76  7:19  Marine  
  69  7:32  Barracks  
  69  7:34  Barracks x2  
  69  7:35  Marine  
  69  7:36  Marine  
  70  7:37  Refinery  
  70  7:38  Refinery, Marine  
  70  7:39  Factory  
  70  7:43  Factory  
  69  7:50  Viking  
  69  7:51  Viking x3  
  77  7:52  Marine  
  77  7:54  Marine  
  77  7:56  Marine  
  77  7:58  SCV x3  
  83  8:02  Command Center  
  83  8:10  SCV x3  
  86  8:18  Missile Turret  
  86  8:20  Viking  
  86  8:21  Barracks Reactor, Barracks Tech Lab  
  86  8:22  SCV, Barracks Tech Lab  
  86  8:24  Barracks Reactor  
  86  8:25  Factory Tech Lab  
  89  8:27  Factory Tech Lab, Viking  
  89  8:28  Viking x2  
  89  8:33  Combat Shield  
  95  8:36  Marine  
  95  8:37  Marine x2  
  98  8:50  Viking  
  98  8:54  Marine  
  101  9:13  Marine x8, Viking x3  
  115  9:17  Terran Infantry Weapons Level 2  
  115  9:19  Supply Depot  
  115  9:20  Supply Depot  
  115  9:21  Engineering Bay, Supply Depot x2  
  115  9:22  Supply Depot  
  115  9:23  Supply Depot  
  115  9:24  Terran Vehicle And Ship Armor Level 1, Supply Depot  
  115  9:26  Supply Depot  
  115  9:30  Orbital Command  
  115  9:31  Marine  
  116  9:40  SCV x3, Marine  
  120  9:52  SCV x3, Concussive Shells  
  123  10:04  Marine x5  
  123  10:05  Marine x3  
  129  10:22  Marine x4  
  129  10:26  Viking x2  
  129  10:27  Viking x2  
  139  10:28  Marine x3  
  139  10:29  Marine  
  139  10:32  Thor  
  149  10:38  SCV x4  
  149  10:40  Marine x4  
  157  10:43  Missile Turret  
  157  10:46  Marine x2  
  157  10:47  Marauder x2  
  163  10:50  SCV x4  
  167  11:08  Marauder x2  
  169  11:13  Thor  
  175  11:22  Supply Depot  
  175  11:24  Supply Depot  
  175  11:25  Supply Depot  
  175  11:26  Supply Depot  
  175  11:27  Supply Depot  
  175  11:28  Command Center  
  175  11:43  Thor x2  
  175  11:44  Supply Depot  
  187  11:49  Supply Depot  
  187  11:51  Viking x4  
  193  12:01  Armory  
  193  12:08  Fusion Core  
  193  12:10  Refinery  
  193  12:12  Refinery  
  193  12:15  SCV x3  
Tags
 
Add a new tag
Caveats
  • Supply blocks, unpowered buildings, or Contaminate may cause inaccurate times.
  • Supply counts are checked every 10 seconds.